 Dungeon Crawl Stone Soup version 0.23.2-1-ga50397a6bc (webtiles) character file.

Game seed: 9797007459747027266

22746 Peloso the Carver (level 12, -20/106 HPs)
             Began as a Minotaur Fighter on May 30, 2019.
             Was a High Priest of Okawaru.
             Killed from afar by a gargoyle (29 damage)
             ... with a stone arrow
             ... in a Gauntlet.
             The game lasted 00:42:36 (16490 turns).

Peloso the Carver (Minotaur Fighter)               Turns: 16490, Time: 00:42:36

Health: -20/106    AC: 20    Str: 24    XL:     12   Next: 65%
Magic:  12/12      EV:  7    Int:  3    God:    Okawaru [*****.]
Gold:   1041       SH: 15    Dex: 24    Spells: 11/11 levels left

rFire    + + .     SeeInvis .   a - +6 falchion of Mourning {slice, rElec Int-4 Dex+3}
rCold    + + .     Gourm    .   c - +0 shield
rNeg     . . .     Faith    .   S - +0 gold dragon scales
rPois    +         Spirit   .   (helmet restricted)
rElec    +         Reflect  .   w - scarf {rC+ rF+}
rCorr    +         Harm     .   (no gloves)
MR       .....     NoTele   +   v - +0 pair of boots
Stlth    ..........             J - amulet of the acrobat
HPRegen  0.27/turn              r - ring of resist corrosion
MPRegen  0.13/turn              t - ring "Qozan" {Int+2 Dex+9}

@: hasted, very quick
A: retaliatory headbutt, horns 2
a: Heroism, Finesse, Renounce Religion


You were in a Gauntlet.
You worshipped Okawaru.
Okawaru was extremely pleased with you.
You were near starving.

You visited 3 branches of the dungeon, and saw 17 of its levels.
You also visited: Gauntlet.

You collected 1041 gold pieces.

Inventory:

Hand Weapons
 a - the +6 falchion of Mourning (weapon) {slice, rElec Int-4 Dex+3}
   (You found it on level 7 of the Dungeon)

   It inflicts extra damage upon your enemies.
   It affects your intelligence (-4).
   It affects your dexterity (+3).
   It insulates you from electricity.
 b - a +2 short sword of flaming
Armour
 c - a +0 shield (worn)
 m - a +0 chain mail
 v - a +0 pair of boots (worn)
 w - a scarf of resistance (worn)
 S - +0 gold dragon scales (worn)
Jewellery
 h - an uncursed ring of flight
 r - a ring of resist corrosion (left hand)
 t - the ring "Qozan" (right hand) {Int+2 Dex+9}
   (You found it in a Gauntlet)

   [ring of intelligence]

   It affects your intelligence (+2).
   It affects your dexterity (+9).
 J - an amulet of the acrobat (around neck)
Wands
 d - a wand of acid (12)
 s - a wand of paralysis (8)
Scrolls
 e - a scroll of amnesia
 g - 7 scrolls of remove curse
 i - a scroll of noise
 k - 4 scrolls of identify
 n - 3 scrolls of blinking
 o - 5 scrolls of teleportation
 p - 5 scrolls of fog
 A - a scroll of fear
 H - 2 scrolls of random uselessness {unknown}
 I - 3 scrolls of summoning {unknown}
 N - 2 scrolls of enchant armour {unknown}
Potions
 j - a potion of experience
 l - 2 potions of haste
 q - 2 potions of flight
 z - 3 potions of heal wounds {unknown}
 B - a potion of agility
 C - 4 potions of curing
 D - 2 potions of magic {unknown}
 E - a potion of cancellation {unknown}
 G - a potion of resistance
 K - a potion of might
 M - a potion of ambrosia {unknown}
Comestibles
 f - 25 rations


   Skills:
 + Level 10.3 Fighting
 + Level 2.8(9.0) Short Blades
 + Level 13.9(14.0) Long Blades
 + Level 12.7 Armour
 + Level 2.8 Dodging
 + Level 0.4 Stealth
 + Level 13.4 Shields
 + Level 0.3 Invocations
 + Level 1.4 Evocations


You had 11 spell levels left.
You didn't know any spells.
Your spell library contained the following spells:

 Spells                   Type           Power        Failure   Level  Hunger
 Animate Skeleton         Necr           N/A          100%        1    ##.....
 Apportation              Tloc           #.....       100%        1    ##.....
 Confusing Touch          Hex            #.....       100%        1    ##.....
 Summon Small Mammal      Summ           #...         100%        1    ##.....
 Cause Fear               Hex            #.........   100%        4    #####..
 Silence                  Hex/Air        #.........   100%        5    ######.
 Yara's Violent Unravell  Hex/Tmut       #.........   100%        5    ######.
 Deflect Missiles         Chrm/Air       #.........   100%        6    #######
 Discord                  Hex            #.........   100%        8    #######


Dungeon Overview and Level Annotations

Branches:
Dungeon (12/15)            Temple (1/1) D:7            Lair (4/6) D:8
  Swamp (0/4) Lair:4        Snake (0/4) Lair:4          Orc (0/2) D:10

Altars:
Ashenzari
Cheibriados
Dithmenos
Elyvilon
Fedhas
Gozag
Hepliaklqana
Kikubaaqudgha
Makhleb
Nemelex Xobeh
Okawaru
Qazlal
Ru
Sif Muna
Trog
Uskayaw
Vehumet
Wu Jian
Xom
Yredelemnul
Zin
The Shining One
Beogh

Annotations:
D:10 2 transporters Gauntlet 9 transporters


Innate Abilities, Weirdness & Mutations

You reflexively headbutt those who attack you in melee.
You have a pair of horns on your head.


Message History

The stone arrow hits you!
* * * LOW HITPOINT WARNING * * *
The gargoyle closely misses you. You furiously retaliate!
You headbutt the gargoyle.
Things that are here:
a +0 flail; a catoblepas corpse Unknown command.
Unknown command.
It was a potion of haste.
You feel yourself speed up.
The gargoyle hurls a stone arrow at you.
The stone arrow hits you but does no damage.
The gargoyle hits you but does no damage.
You hit the gargoyle. Your headbutt misses the gargoyle.
The gargoyle is lightly damaged.
Unknown command.
You hit the gargoyle but do no damage. Your headbutt misses the gargoyle.
The gargoyle is lightly damaged.
The gargoyle hurls a stone arrow at you.
The stone arrow hits you!!
You die...

#########...#..?[©.[..#...##
#©#.#...#...#...#.#...#...≈#
##==#.#.#...#....#....#...##
#..)#.#.#...#.#..#.9#.#...≈#
####©.#.#.8.#.#######.#.8.##
#.....#.#...#.#.©#..#.#...≈#
#s####.s#...#...9#....#...##
#ss..yss#...#..9###...#...≈#
#########...#...@.....#...##
..#.©.#.....###########...≈#
..#...#........#.©.#......##
..#.©.#....8...#.8.#...8.##
##########.....#.©.#.....§#
..=.©[)..#...#########...##
.#.#.#.#.#...#...©...#...≈#
..#.#.#..#...#.#...#.#...##
.#.#.#.#h#...#.###^..#...≈#


You could see 2 gargoyles.

Vanquished Creatures
  3 hydras
  A catoblepas (Gauntlet)
  A death knight (D:12)
  2 two-headed ogres
  A fire crab (Gauntlet)
  An oklob plant (Lair:1)
  An ugly thing (D:6)
  A molten gargoyle (Gauntlet)
  A black mamba (Lair:2)
  2 centaur skeletons
  4 spiny frogs (Lair:2)
  A rime drake (Lair:1)
  3 komodo dragons
  A freezing wraith (D:11)
  3 trolls
  Prince Ribbit (Lair:3)
  A hornet (D:12)
  6 blink frogs
  A meliai zombie (D:12)
  3 hippogriffs
  Sigmund (D:4)
  A spriggan (D:7)
  A wraith (D:11)
  4 fire bats (Gauntlet)
  2 basilisks
  16 yaks
  A hungry ghost (D:10)
  2 vampire mosquitoes (Lair:4)
  Edmund (D:4)
  2 water moccasins
  Duvessa (D:5)
  A hell hound (Gauntlet)
  6 orc warriors
  8 porcupines
  2 phantoms
  2 ice beasts (D:8)
  2 black bears
  3 centaurs
  3 ogres
  7 crocodiles
  11 bullfrogs
  Dowan (D:5)
  A wyvern skeleton (D:6)
  A scorpion (D:4)
  6 killer bees
  3 wights (D:11)
  7 howler monkeys
  4 crimson imps
  A quasit (D:5)
  5 hounds
  2 jellies
  11 orc priests
  A bullfrog skeleton (D:4)
  2 iguanas
  12 orc wizards
  9 worker ants
  3 killer bee zombies
  A hound zombie (D:5)
  2 hound skeletons
  4 gnolls (D:7)
  A howler monkey skeleton (D:7)
  9 adders
  2 shadow imps
  An ooze (D:2)
  3 adder skeletons
  3 worms (D:2)
  4 leopard geckos
  50 orcs
  2 ball pythons
  3 giant cockroaches
  9 hobgoblins
  11 jackals
  3 quokkas
  9 bats
  4 frilled lizards
  7 goblins
  A jackal zombie (D:6)
  8 kobolds
  A leopard gecko skeleton (D:5)
  A leopard gecko zombie (D:6)
  A quokka skeleton (D:8)
  7 rats
  A fungus (Lair:1)
  2 plants
334 creatures vanquished.

Vanquished Creatures (others)
  3 fungi (D:8)
  2 plants (D:8)
5 creatures vanquished.

Grand Total: 339 creatures vanquished

Notes
Turn   | Place    | Note
-------+----------+-------------------------------------------
     0 | D:1      | Peloso the Minotaur Fighter began the quest for the Orb.
     0 | D:1      | Reached XP level 1. HP: 19/19 MP: 0/0
   227 | D:1      | Reached XP level 2. HP: 22/27 MP: 1/1
   811 | D:2      | Reached XP level 3. HP: 32/33 MP: 2/2
   868 | D:2      | Found an opulent altar of Gozag.
   963 | D:2      | Found a white marble altar of Elyvilon.
  1258 | D:2      | Reached XP level 4. HP: 40/40 MP: 3/3
  1584 | D:3      | Found a radiant altar of Vehumet.
  1731 | D:3      | Found a snail-covered altar of Cheibriados.
  1864 | D:3      | Reached skill level 5 in Shields
  1902 | D:3      | Found a sacrificial altar of Ru.
  1915 | D:3      | Reached skill level 1 in Dodging
  1924 | D:3      | Found an ancient bone altar of Kikubaaqudgha.
  1925 | D:3      | Found a shadowy altar of Dithmenos.
  1925 | D:3      | Found a stormy altar of Qazlal.
  1927 | D:3      | Found a glowing golden altar of the Shining One.
  1929 | D:3      | Found a shattered altar of Ashenzari.
  1930 | D:3      | Found a white marble altar of Elyvilon.
  2172 | D:4      | Reached XP level 5. HP: 26/46 MP: 4/4
  2644 | D:4      | Reached XP level 6. HP: 47/53 MP: 5/5
  2959 | D:4      | Noticed Edmund
  2968 | D:4      | Noticed Sigmund
  2981 | D:4      | Killed Edmund
  2981 | D:4      | Reached skill level 5 in Long Blades
  2981 | D:4      | Reached skill level 5 in Armour
  3006 | D:4      | Killed Sigmund
  3006 | D:4      | Reached skill level 5 in Fighting
  3006 | D:4      | Reached XP level 7. HP: 18/61 MP: 6/6
  3521 | D:5      | Entered Level 5 of the Dungeon
  4153 | D:5      | Noticed Dowan
  4154 | D:5      | Noticed Duvessa
  4181 | D:5      | Killed Duvessa
  4181 | D:5      | Reached XP level 8. HP: 14/69 MP: 7/7
  4184 | D:5      | Killed Dowan
  5576 | D:6      | Noticed a purple ugly thing
  6024 | D:6      | Killed a purple ugly thing
  6024 | D:6      | Reached XP level 9. HP: 75/75 MP: 8/8
  6149 | D:7      | Got a slimy falchion
  6150 | D:7      | Identified the +6 falchion of Mourning {slice, rElec Int-4
                  | Dex+3} (You found it on level 7 of the Dungeon)
  6232 | D:7      | Found a staircase to the Ecumenical Temple.
  6261 | Temple   | Entered the Ecumenical Temple
  6357 | Temple   | Became a worshipper of Warmaster Okawaru
  6784 | D:7      | Reached * piety under Okawaru
  7310 | D:8      | Reached skill level 10 in Long Blades
  7422 | D:8      | Noticed a two-headed ogre
  7424 | D:8      | Found a staircase to the Lair.
  7458 | D:8      | Killed a two-headed ogre
  7467 | D:7      | Reached ** piety under Okawaru
  7771 | D:8      | Reached XP level 10. HP: 82/84 MP: 9/9
  7855 | D:8      | Reached skill level 10 in Shields
  7881 | D:8      | Reached *** piety under Okawaru
  8366 | D:8      | Found a shimmering altar of Xom.
  9370 | D:10     | Entered Level 10 of the Dungeon
  9409 | D:10     | Reached **** piety under Okawaru
  9436 | D:10     | Found a transporter.
  9620 | D:10     | Found a staircase to the Orcish Mines.
  9707 | D:10     | Found a roughly hewn altar of Beogh.
  9869 | D:10     | Found a transporter.
  9870 | D:10     | Noticed a fire crab
  9871 | D:10     | Found the +0 Maxwell's etheric cage {RegenMP+ *Contam rElec
                  | MP+4}
 10318 | D:11     | Reached XP level 11. HP: 66/94 MP: 10/10
 10585 | D:11     | Received a gift from Okawaru
 10829 | D:12     | Noticed a death knight
 10829 | D:12     | Noticed a phantasmal warrior
 11039 | D:11     | Reached skill level 10 in Armour
 11968 | D:12     | Reached ***** piety under Okawaru
 12104 | D:12     | HP: 4/95 [??? (1)]
 12105 | D:12     | Killed a death knight
 12726 | D:12     | Noticed a two-headed ogre
 12735 | D:12     | Killed a two-headed ogre
 13067 | Lair:1   | Entered Level 1 of the Lair of Beasts
 13338 | Lair:1   | Found a basalt altar of Yredelemnul.
 13338 | Lair:1   | Noticed an oklob plant
 13741 | Lair:1   | Received a gift from Okawaru
 14606 | Lair:2   | Noticed a five-headed hydra
 14623 | Lair:2   | Killed a five-headed hydra
 14623 | Lair:2   | Reached skill level 1 in Evocations
 14623 | Lair:2   | Reached XP level 12. HP: 67/104 MP: 11/11
 14670 | Lair:2   | Noticed a six-headed hydra
 14683 | Lair:2   | Killed a six-headed hydra
 14683 | Lair:2   | Reached skill level 1 in Short Blades
 15421 | Lair:3   | Noticed an eight-headed hydra
 15434 | Lair:3   | Killed an eight-headed hydra
 15589 | Lair:3   | Noticed Prince Ribbit
 15611 | Lair:3   | Killed Prince Ribbit
 16070 | Lair:4   | Reached skill level 10 in Fighting
 16108 | Lair:4   | Found a gate leading to a gauntlet.
 16118 | Gauntlet | Entered a Gauntlet
 16118 | Gauntlet | Found a transporter.
 16121 | Gauntlet | Found a transporter.
 16123 | Gauntlet | Noticed a hell beast
 16124 | Gauntlet | Found a transporter.
 16127 | Gauntlet | Found a transporter.
 16128 | Gauntlet | Found a transporter.
 16131 | Gauntlet | Found a transporter.
 16136 | Gauntlet | Found a transporter.
 16137 | Gauntlet | Found a transporter.
 16137 | Gauntlet | Noticed a blizzard demon
 16174 | Gauntlet | Noticed a reaper
 16252 | Gauntlet | Found a transporter.
 16254 | Gauntlet | Found a transporter.
 16258 | Gauntlet | Found a transporter.
 16267 | Gauntlet | Noticed a catoblepas
 16268 | Gauntlet | Found a transporter.
 16388 | Gauntlet | Got a fine tin ring
 16389 | Gauntlet | Identified the ring "Qozan" {Int+2 Dex+9} (You found it in
                  | a Gauntlet)
 16472 | Gauntlet | Killed a catoblepas
 16490 | Gauntlet | Killed from afar by a gargoyle

Skill      XL: |  1  2  3  4  5  6  7  8  9 10 11 12 |
---------------+-------------------------------------+-----
Armour         | 4 5 7 8 9 11 12 | 12.7
Shields        | 4 5 6 8 9 11 12 13 | 13.4
Fighting       | 4 5 6 7 9 10 | 10.3
Long Blades    | 3 4 5 7 9 11 12 13 | 13.9
Dodging        | 1 2 |  2.8
Evocations     | 1 |  1.4
Short Blades   | 2 |  2.8
Stealth        | |  0.4
Invocations    | |  0.3

Action                   |  1- 3 |  4- 6 |  7- 9 | 10-12 || total
-------------------------+-------+-------+-------+-------++-------
Melee: Long sword        |   114 |   139 |   246 |       ||   499
       Headbutt          |    16 |    25 |    58 |   194 ||   293
       Falchion          |       |       |   101 |   665 ||   766
       Short sword       |       |       |       |    33 ||    33
Invok: Heroism           |       |       |       |     4 ||     4
Evoke: Wand              |       |       |       |     7 ||     7
  Use: Scroll            |     1 |       |    11 |     9 ||    21
       Potion            |       |       |     2 |     1 ||     3
  Eat: Chunk             |     1 |     5 |    13 |    17 ||    36
       Ration            |       |       |     1 |     3 ||     4
Armor: Scale mail        |    57 |       |       |       ||    57
       Chain mail        |    10 |    39 |       |       ||    49
       Plate armour      |       |    28 |   174 |   176 ||   378
       Gold dragon scale |       |       |       |   110 ||   110
Dodge: Dodged            |    37 |    22 |    76 |   161 ||   296
Block: Shield            |    62 |    65 |   212 |   407 ||   746
       Rpst.: Long sword |     7 |     7 |    11 |       ||    25
       Falchion          |       |       |     9 |    32 ||    41
